 Dungeon Crawl Stone Soup version 0.31-a0-1068-g5939ac1fb6 (webtiles) character file.

Game seed: 14173909827085531595

70 Maratek the Trooper (level 4, -1/36 HPs)
             Began as a Demonspawn Fighter on Nov 24, 2023.
             Was an Initiate of Gozag.
             Slain by Grinder (6 damage)
             ... on level 4 of the Dungeon.
             The game lasted 00:02:18 (1623 turns).

Maratek the Trooper (Demonspawn Fighter)            Turns: 1623, Time: 00:02:18

Health: -1/36      AC:  8    Str: 17    XL:     4   Next: 3%
Magic:  4/4        EV: 10    Int:  9    God:    Gozag
Gold:   246        SH: 10    Dex: 14    Spells: 3/3 levels left

rFire   . . .        a - +0 long sword
rCold   . . .        c - +0 buckler
rNeg    . . .        f - +0 acid dragon scales
rPois   .            (no helmet)
rElec   .            (no cloak)
rCorr   +            (no gloves)
SInv    .            (no boots)
Will    .....        e - amulet of reflection
Stlth   +            (no ring)
HPRegen 0.26/turn    (no ring)
MPRegen 0.09/turn

%: reflection
@: no status effects
A: thin metallic scales 1, demonic magic 1
a: Renounce Religion, Potion Petition, Call Merchant, Bribe Branch


You were on level 4 of the Dungeon.
You worshipped Gozag.
Gozag was aware of your devotion.
You visited 1 branch of the dungeon, and saw 4 of its levels.

You collected 300 gold pieces.
You paid 54 gold pieces to Gozag.

Inventory:

Hand Weapons
 a - a +0 long sword (weapon)
Armour
 c - a +0 buckler (worn)
 f - +0 acid dragon scales (worn)
Jewellery
 e - an amulet of reflection (around neck)
Scrolls
 b - 3 scrolls of identify {unknown}
 h - 2 scrolls of vulnerability {unknown}
 i - a scroll of fear {unknown}
 l - a scroll of silence {unknown}
Potions
 d - 3 potions of might
 g - a potion of attraction {unknown}
 j - a potion of degeneration {unknown}
 k - 2 potions of heal wounds {unknown}
 m - a potion of mutation {unknown}
 n - a potion of lignification {unknown}
 o - a potion of cancellation {unknown}


   Skills:
 + Level 3.6 Fighting
 + Level 2.5 Long Blades
 + Level 3.1 Armour
 + Level 3.1 Shields


You had 3 spell levels left.
You didn't know any spells.
Your spell library contained the following spells:

 Spells                   Type           Power      Damage    Failure   Level
 Sublimation of Blood     Necr           0%         N/A       71%         2
 Tukima's Dance           Hex            0%         N/A       91%         3
 Dimensional Bullseye     Hex/Tloc       0%         N/A       100%        4
 Iskenderun's Mystic Bla  Conj/Tloc      0%         2d3       100%        4
 Petrify                  Tmut/Erth      0%         N/A       100%        4
 Irradiate                Conj/Tmut      0%         3d11      100%        5


Dungeon Overview and Level Annotations

Branches:
Dungeon (4/15)
 Temple: D:4-7

Altars:
Gozag

Annotations:
D:4 Eustachio, Grinder


Innate Abilities, Weirdness & Mutations

You are partially covered in thin metallic scales. (AC +2)
Spells you cast may paralyse adjacent enemies.


Message History

The quokka is almost dead.
The quokka twitches its whiskers.
The quokka barely misses you. The quokka bites you.
The giant cockroach bites you but does no damage.
Grinder grins, showing sharp teeth.
The quokka bites you.
* * * LOW HITPOINT WARNING * * *
You block the quokka's attack. The giant cockroach bites you.
* * * LOW HITPOINT WARNING * * *
You hit the quokka.
You kill the quokka!
The quokka's corpse disappears in a puff of smoke!
Grinder gestures at you. You resist with significant effort.
The quokka barely misses you. The giant cockroach closely misses you.
You hit Grinder but do no damage.
Grinder is severely wounded.
You block the quokka's attack.
The giant cockroach bites you but does no damage.
You block the quokka's attack. The giant cockroach closely misses you.
Grinder hits you but does no damage.
You slash Grinder!
Grinder is almost dead.
The quokka bites you.
* * * LOW HITPOINT WARNING * * *
The giant cockroach bites you.
* * * LOW HITPOINT WARNING * * *
You block Grinder's attack.
You hit Grinder.
Grinder is almost dead.
The giant cockroach bites you but does no damage.
You block the quokka's attack. You block Grinder's attack.
The giant cockroach bites you but does no damage.
The quokka bites you but does no damage.
You closely miss Grinder.
Grinder is almost dead.
Grinder hits you.
You die...
Grinder says, "Now the real fun starts!"
Your body crumbles into a pile of gold.

#####....###
#..........##
#...........#
####............
##............?..
... #>.......#####
..####....B........
#.##.$....5@..#
#.##.#....r...#
#.##.#........#
#.##.##########
######.........#
.....##...####...
###....### #...####
#.#.....#


You could see Grinder, a quokka (summoned) and a giant cockroach.

Vanquished Creatures
  An adder (D:3)
  A worm (D:3)
  2 orcs (D:3)
  4 endoplasms (D:2)
  A giant cockroach (D:1)
  3 hobgoblins
  4 jackals
  5 kobolds
  4 quokkas
  5 ball pythons
  4 bats
  A frilled lizard (D:3)
  6 goblins
  6 rats
47 creatures vanquished.

Notes
Turn   | Place    | Note
-------+----------+-------------------------------------------
     0 | D:1      | Maratek the Demonspawn Fighter began the quest for the Orb.
     0 | D:1      | Reached XP level 1. HP: 18/18 MP: 1/1
   211 | D:1      | Gained mutation: Spells you cast may paralyse adjacent
                  | enemies. [demonic ancestry]
   211 | D:1      | Reached XP level 2. HP: 20/24 MP: 2/2
   343 | D:1      | You fall into a shaft and drop 1 floor!
   628 | D:2      | Gained mutation: You are partially covered in thin metallic
                  | scales. (AC +2) [demonic ancestry]
   628 | D:2      | Reached XP level 3. HP: 29/29 MP: 3/3
   874 | D:3      | Found an opulent altar of Gozag.
   921 | D:3      | Became a worshipper of Gozag Ym Sagoz the Greedy
  1424 | D:3      | Reached XP level 4. HP: 35/36 MP: 4/4
  1582 | D:4      | Noticed Grinder
  1583 | D:4      | Noticed Eustachio
  1623 | D:4      | Slain by Grinder

Illustrated notes

Levels and vault maps discovered:
D:1:      amcnicky_arrival_feature_with_door, layout_rooms,
          minmay_split_cup_small
D:2:      layout_rooms, minivault_23, minmay_misc_feat_rugged
D:3:      layout_rooms, nicolae_gozag_seed_capital,
          nicolae_houndstooth_variations
D:4:      layout_rooms, uniq_grinder, uniq_eustachio

Skill      XL: |  1  2 |
---------------+-------+-----
Long Blades    | 2 |  2.5
Shields        | 3 |  3.1
Armour         | 3 |  3.1
Fighting       | |  3.6

Action                     |  1- 3 |  4- 6 || total
---------------------------+-------+-------++-------
  Melee: Long sword        |   142 |    32 ||   174
 Armour: Acid dragon scale |    59 |    51 ||   110
         Scale mail        |     3 |       ||     3
  Dodge: Dodged            |    66 |    46 ||   112
  Block: Buckler           |    75 |    49 ||   124

Table legend: (Time is in decaauts)
 A = Elapsed time spent in this place.
 B = Non-inter-level travel time spent in this place.
 C = Inter-level travel time spent in this place.
 D = Time resting spent in this place.
 E = Time spent auto-exploring this place.
 F = Levels seen in this place.
 G = Mean time per level.
                   A        B        C        D        E       F      G
               +--------+--------+--------+--------+--------+-----+--------+
         Total |   1679 |   1619 |     60 |      0 |   1203 |   4 |  419.8 |
       Dungeon |   1679 |   1619 |     60 |      0 |   1203 |   4 |  419.8 |
               +--------+--------+--------+--------+--------+-----+--------+

Top non-repeatable levels by time:
     D:3: 708 daAuts
     D:2: 543 daAuts
     D:1: 354 daAuts
     D:4: 72 daAuts
